[Event "Cracovia Chess Festival A 2021"]
[Site "Cracow"]
[Date "2022.01.04"]
[Round "9.38"]
[White "Dwilewicz, Katarzyna"]
[Black "Majek, Kacper"]
[Result "0-1"]
[ECO "B90"]
[WhiteElo "2100"]
[BlackElo "2100"]
[Annotator "ChessBase"]
[PlyCount "142"]
[EventDate "2021.12.27"]
[EventCountry "POL"]
[SourceTitle "playchess.com"]
[Source "ChessBase"]
[SourceQuality "1"]
[TimeControl "40/5400+30:1800+30"]

1. e4 c5 2. Nf3 d6 3. d4 cxd4 4. Nxd4 Nf6 5. Nc3 a6 6. a4 e5 7. Nf3 Be7 8. Bc4 O-O 9. O-O Nbd7 10. Qe2 b6 11. Rd1 Bb7 12. Bg5 Qc7 13. h3 Rfc8 14. Ba2 h6 15. Bxf6 Nxf6 16. Nh4 Bc6 17. Bb3 Bf8 18. Rd2 b5 19. axb5 axb5 20. Rxa8 Rxa8 21. Nf5 b4 22. Nd5 Bxd5 23. Bxd5 Nxd5 24. exd5 g6 25. Ne3 f5 26. g4 f4 27. Nc4 Ra1+ 28. Kh2 Qe7 29. Qe4 Qg5 30. Re2 h5 31. Qf3 Rc1 32. Kg2 Kh7 33. Na5 Rd1 34. Nc6 hxg4 35. Qxg4 Qxg4+ 36. hxg4 Rxd5 37. Nxb4 Rb5 38. Nd3 Kg7 39. b4 Rd5 40. Re1 Kf6 41. Rb1 Rb5 42. c4 Rb7 43. b5 Ke6 44. Nb4 e4 45. Re1 f3+ 46. Kg3 d5 47. Nxd5 Bd6+ 48. Nf4+ Ke5 49. Rd1 Bb8 50. g5 Kf5 51. Rd5+ Be5 52. Rxe5+ Kxe5 53. Nxg6+ Kf5 54. Nf4 Kxg5 55. Nd5 Kf5 56. Ne3+ Ke5 57. Ng4+ Kd4 58. Ne3 Rg7+ 59. Kf4 Rg2 60. Nd1 Rg1 61. Ne3 Rg2 62. Nd1 Rg8 63. Ne3 Rf8+ 64. Kg4 Kd3 65. Kg3 Ke2 66. b6 Rg8+ 67. Kf4 Kxf2 68. Ng4+ Ke2 69. b7 Rb8 70. Kxe4 Rxb7 71. c5 Rb4+ 0-1

[Event "Cracovia Chess Festival A 2021"]
[Site "Cracow"]
[Date "2022.01.04"]
[Round "9.39"]
[White "Gbyl, Andrzej"]
[Black "Bombek, Peter"]
[Result "0-1"]
[ECO "D33"]
[WhiteElo "2228"]
[BlackElo "2099"]
[Annotator "ChessBase"]
[PlyCount "56"]
[EventDate "2021.12.27"]
[EventCountry "POL"]
[SourceTitle "playchess.com"]
[Source "ChessBase"]
[SourceQuality "1"]
[TimeControl "40/5400+30:1800+30"]

1. d4 d5 2. c4 e6 3. Nc3 c5 4. cxd5 exd5 5. Nf3 Nc6 6. g3 Nf6 7. Bg2 cxd4 8. Nxd4 Bc5 9. Nxc6 bxc6 10. O-O O-O 11. Qc2 Bb6 12. b3 Re8 13. Bb2 Qe7 14. e3 Bg4 15. Na4 Rac8 16. Rac1 h6 17. h3 Bd7 18. Rfd1 Ne4 19. Nxb6 axb6 20. a4 Bf5 21. g4 Bd7 22. Qe2 Qh4 23. Rd4 Re6 24. Bxe4 Rxe4 25. Rxe4 dxe4 26. Kg2 h5 27. Rg1 hxg4 28. hxg4 Bxg4 0-1